 Dungeon Crawl Stone Soup version 0.31-a0-845-g9abc20d24f (webtiles) character file.

Game seed: 17295168708790845829

606 night the Gusty (level 7, -3/41 HPs)
             Began as a Tengu Air Elementalist on Oct 2, 2023.
             Was an Initiate of Kikubaaqudgha.
             Slain by a kobold brigand
             ... wielding a +2 whip of distortion
              (18 damage)
             ... on level 6 of the Dungeon.
             The game lasted 00:14:31 (5523 turns).

night the Gusty (Tengu Air Elementalist)            Turns: 5523, Time: 00:14:31

Health: -3/41      AC: 13    Str:  8    XL:     7   Next: 42%
Magic:  13/13      EV: 16    Int: 18    God:    Kikubaaqudgha [......]
Gold:   202        SH:  0    Dex: 14    Spells: 6/13 levels left

rFire   . . .        r - staff of air
rCold   . . .        (no shield)
rNeg    . . .        a - +0 robe
rPois   .            (helmet restricted)
rElec   +            w - +2 cloak
rCorr   .            (no gloves)
SInv    .            (boots unavailable)
Will    .....        (no amulet)
Stlth   ++           n - +4 ring of protection
HPRegen 0.26/turn    t - +4 ring of protection
MPRegen 0.13/turn

%: acrobat
@: mighty, flying, very slightly contaminated
A: beak, talons 3, evasive flight, acrobatic
a: Renounce Religion


You were on level 6 of the Dungeon.
You worshipped Kikubaaqudgha.
Kikubaaqudgha was noncommittal.
You visited 2 branches of the dungeon, and saw 7 of its levels.

You collected 383 gold pieces.
You spent 181 gold pieces at shops.

Inventory:

Hand Weapons
 s - a +2 short sword of venom
Missiles
 c - 2 throwing nets
 v - 9 stones
Armour
 a - a +0 robe (worn)
 w - a +2 cloak (worn)
Magical Staves
 r - a staff of air (weapon)
Jewellery
 e - a ring of resist corrosion
 f - a +5 ring of evasion
 m - a +5 ring of evasion
 n - a +4 ring of protection (left hand)
 t - a +4 ring of protection (right hand)
Wands
 u - a wand of digging (4)
Scrolls
 d - a scroll of blinking {unknown}
 k - a scroll of amnesia
 l - 2 scrolls of enchant armour
 o - 2 scrolls of enchant weapon
 x - a scroll of identify
 y - a scroll of teleportation {unknown}
Potions
 b - a potion of magic
 g - a potion of curing
 h - a potion of heal wounds {unknown}
 i - 2 potions of might
 j - 2 potions of lignification {unknown}
 q - a potion of degeneration {unknown}


   Skills:
 + Level 3.6 Fighting
 - Level 2.1 Dodging
 - Level 2.0 Stealth
 + Level 3.9 Spellcasting
 + Level 5.2 Conjurations
 + Level 6.4 Air Magic


You had 6 spell levels left.
You knew the following spells:

 Your Spells              Type           Power      Damage    Failure   Level
a - Shock                 Conj/Air       100%       1d9       1%          1
b - Static Discharge      Conj/Air       72%        2-5/arc   1%          2
c - Airstrike             Air            20%        2d(3-19)  11%         4

Your spell library contained the following spells:

 Spells                   Type           Power      Damage    Failure   Level
 Swiftness                Air            40%        N/A       3%          3
 Poisonous Vapours        Pois/Air       44%        N/A       6%          2
 Sandblast                Erth           6%         2d5       16%         1
 Sting                    Tmut/Pois      12%        1d3       16%         1
 Stone Arrow              Conj/Erth      24%        3d8       16%         3
 Blink                    Tloc           6%         N/A       22%         2
 Passwall                 Tmut/Erth      2%         N/A       22%         2
 Sublimation of Blood     Necr           3%         N/A       22%         2
 Wereblood                Tmut           3%         N/A       22%         2
 Brom's Barrelling Bould  Conj/Erth      12%        2d4       45%         4
 Manifold Assault         Tloc           3%         N/A       83%         4
 Olgreb's Toxic Radiance  Pois           3%         N/A       83%         4
 Summon Hydra             Summ           1%         N/A       100%        7


Dungeon Overview and Level Annotations

Branches:
Dungeon (6/15)             Temple (1/1) D:5

Altars:
Ashenzari
Cheibriados
Elyvilon
Fedhas
Gozag
Hepliaklqana
Kikubaaqudgha
Makhleb
Nemelex Xobeh
Okawaru
Qazlal
Ru
Trog
Wu Jian
Xom
Yredelemnul
Zin
The Shining One

Shops:
D:2 [   D:5 (

Annotations:
D:5 2 runed translucent doors, Xavier147's ghost, novice GrHu
D:6 ScrombusTheWizard's ghost, novice DjNe
Temple 2 transporters


Innate Abilities, Weirdness & Mutations

You have a beak for a mouth.
You have claws for feet.
Your magical flight helps you evade attacks. (EV +4)
You can magically evade attacks while moving or waiting.


Message History

ScrombusTheWizard's ghost gestures at you while chanting.
The sting hits you.
You are poisoned.
Your Conjurations skill increases to level 5!
Unknown command.
Casting: Static Discharge (safe; 1% risk of failure)
Confirm with . or Enter, or press ? or * to list all spells.
You feel a surge of power!
You miscast Static Discharge.
You are very lightly contaminated with residual magic.
Nothing appears to happen.
You feel sick. The kobold brigand closely misses you.
ScrombusTheWizard's ghost hits you.
Casting: Static Discharge (safe; 1% risk of failure)
Confirm with . or Enter, or press ? or * to list all spells.
You don't have enough magic to cast this spell.
It was a potion of might.
You feel very mighty all of a sudden.
You feel sick.
The kobold brigand hits you with a +2 whip of distortion.
Space warps around you. The kobold brigand closely misses you.
ScrombusTheWizard's ghost hits you but does no damage.
Magic courses through your body.
You feel sick. The kobold brigand misses you.
The kobold brigand completely misses you.
ScrombusTheWizard's ghost completely misses you.
Okay, then.
You feel sick. The kobold brigand closely misses you.
ScrombusTheWizard's ghost misses you.
Aiming: Dig
Press: ? - help, Shift-Dir - straight line A rock wall.
The rock shatters into small pieces.
You feel sick.
You are no longer poisoned.
The kobold brigand closely misses you. The kobold brigand misses you.
ScrombusTheWizard's ghost closely misses you.
The air fills with toxic fumes!
As you read the scroll labelled DEAGUDOVUMM, it crumbles to dust.
It was a scroll of poison.
The kobold brigand hits you with a +2 whip of distortion.
Space warps horribly around you!!
You die...
Kikubaaqudgha rasps: "You have failed me!
Welcome... death!"

##......#......#......#
#......#......###§§§§#
#.......<.....###§§§§#
#...............§§§§§#
#~............###§§§§#
#~.....#......# #§§§§#
#~~~...##......#
#§§§#####
#~~~...##......#
#§§##.⌠.# ≈≈~~...
#.###### #@K#K#.#.
≈≈~... #.# #KKWK§§#..
#§#K§K§§§§§!
#§###§§§§#§§$ #§#
#§#§#§#§# #§# #§##§⌠§##
§§§ #§§##### §§ ####


You could see 7 kobold brigands and ScrombusTheWizard's ghost.

Vanquished Creatures
  An ice beast (D:4)
  An ogre (D:4)
  2 kobold brigands (D:6)
  A jelly (D:3)
  A hound (D:4)
  A sleepcap (D:5)
  Robin (D:4)
  7 adders
  A shadow imp (D:5)
  3 worms
  4 dart slugs
  8 orcs
  12 ball pythons
  5 endoplasms
  6 giant cockroaches
  21 goblins
  8 hobgoblins
  4 jackals (D:2)
  A quokka (D:1)
  5 bats
  5 frilled lizards
  6 kobolds
  6 rats
110 creatures vanquished.

Notes
Turn   | Place    | Note
-------+----------+-------------------------------------------
     0 | D:1      | night the Tengu Air Elementalist began the quest for the
                  | Orb.
     0 | D:1      | Reached XP level 1. HP: 10/10 MP: 4/4
   281 | D:1      | Reached XP level 2. HP: 16/16 MP: 1/6
   607 | D:1      | Reached skill level 2 in Conjurations
   789 | D:1      | Learned a level 2 spell: Static Discharge
   803 | D:1      | Reached skill level 1 in Fighting
   874 | D:1      | Reached XP level 3. HP: 20/20 MP: 2/7
  1370 | D:2      | Reached XP level 4. HP: 25/25 MP: 1/8
  1375 | D:2      | Learned a level 4 spell: Airstrike
  1594 | D:2      | Identified the +0 whip of the Lamprey {freeze, Int+2}
  1787 | D:2      | Identified the scarf of the Salmon {shadows, Harm rElec
                  | Dex+3 Stlth+}
  1838 | D:2      | Found a stormy altar of Qazlal.
  1854 | D:2      | Found Sunki's Armour Shop.
  2498 | D:3      | Reached skill level 5 in Air Magic
  2587 | D:3      | Reached skill level 2 in Fighting
  2629 | D:3      | Reached XP level 5. HP: 30/30 MP: 10/10
  3479 | D:4      | Noticed an ice beast
  3482 | D:4      | Killed an ice beast
  3483 | D:4      | Reached XP level 6. HP: 36/36 MP: 1/11
  3706 | D:4      | Reached skill level 6 in Air Magic
  3834 | D:4      | Noticed Robin
  3838 | D:4      | Killed Robin
  4255 | D:5      | Entered Level 5 of the Dungeon
  4342 | D:5      | Gained mutation: Your magical flight helps you evade
                  | attacks. (EV +4) [Tengu growth]
  4342 | D:5      | Reached XP level 7. HP: 41/41 MP: 7/13
  4406 | D:5      | Found a staircase to the Ecumenical Temple.
  4445 | Temple   | Found a transporter.
  4445 | Temple   | Found a transporter.
  4445 | Temple   | Found a transporter.
  4445 | Temple   | Found a transporter.
  4445 | Temple   | Entered the Ecumenical Temple
  4465 | Temple   | Became a worshipper of Kikubaaqudgha
  4731 | D:5      | Found a runed translucent door.
  4740 | D:5      | Noticed Xavier147's ghost (novice GrHu)
  4749 | D:5      | Found a glowing silver altar of Zin.
  4887 | D:5      | Found a runed translucent door.
  5034 | D:5      | Found Komaonk's Weapon Shop.
  5171 | D:2      | Bought a +2 cloak for 181 gold pieces
  5501 | D:6      | Found a runed translucent gate.
  5502 | D:6      | Found a runed translucent gate.
  5502 | D:6      | Noticed ScrombusTheWizard's ghost (novice DjNe)
  5503 | D:6      | Found a runed translucent gate.
  5518 | D:6      | Reached skill level 5 in Conjurations
  5523 | D:6      | Slain by a kobold brigand

Illustrated notes

Levels and vault maps discovered:
D:1:      nagdon_arrival_double_spiral, layout_basic
D:2:      layout_loops_cross, basic_altar, serial_shops, shop
D:3:      minmay_recursive_quarters, layout_basic
D:4:      layout_rooms, saegor_snake_ambush, uniq_robin
D:5:      layout_basic, kennysheep_mini_moat, temple_statues, serial_shops,
          shop, ebering_ghost_sewer_f, amethyst_killhole
D:6:      cheibrodos_thug_alley, layout_rooms, vehumet_altar_wand_db,
          nicolae_overflow_crystal_walls, gammafunk_ghost_nasty_kobolds
Temple:   hellmonk_temple_divided_pantheon

Skill      XL: |  1  2  3  4  5  6  7 |
---------------+----------------------+-----
Conjurations   | 2 3 4 5 |  5.2
Fighting       | 1 2 3 |  3.6
Air Magic      | 5 6 |  6.4
Spellcasting   | 3 |  3.9
Dodging        | |  2.1
Stealth        | |  2.0

Action                     |  1- 3 |  4- 6 |  7- 9 || total
---------------------------+-------+-------+-------++-------
  Melee: Unarmed           |     4 |       |       ||     4
         Kick              |     2 |    12 |       ||    14
         Dagger            |     1 |    13 |       ||    14
         Peck              |       |     8 |       ||     8
         Staff             |       |    40 |     4 ||    44
   Cast: Shock             |    63 |    92 |     6 ||   161
         Static Discharge  |     2 |     4 |     5 ||    11
         Airstrike         |       |     6 |     2 ||     8
  Evoke: Wand              |       |       |     1 ||     1
    Use: Scroll            |     2 |     3 |     1 ||     6
         Potion            |       |       |     2 ||     2
   Stab: Sleeping          |       |     5 |     1 ||     6
 Armour: Robe              |     7 |    22 |    13 ||    42
  Dodge: Dodged            |    23 |    68 |    18 ||   109

Table legend: (Time is in decaauts)
 A = Elapsed time spent in this place.
 B = Non-inter-level travel time spent in this place.
 C = Inter-level travel time spent in this place.
 D = Time resting spent in this place.
 E = Time spent auto-exploring this place.
 F = Levels seen in this place.
 G = Mean time per level.
                   A        B        C        D        E       F      G
               +--------+--------+--------+--------+--------+-----+--------+
         Total |   5553 |   5184 |    369 |    431 |   4068 |   7 |  793.3 |
       Dungeon |   5516 |   5147 |    369 |    431 |   4068 |   6 |  919.3 |
        Temple |     36 |     36 |      0 |      0 |      0 |   1 |   36.0 |
               +--------+--------+--------+--------+--------+-----+--------+

Top non-repeatable levels by time:
     D:3: 1318 daAuts
     D:2: 1113 daAuts
     D:1: 1092 daAuts
     D:5: 1012 daAuts
     D:4: 936 daAuts
     D:6: 43 daAuts
  Temple: 36 daAuts
